 Dungeon Crawl Stone Soup version 0.28-a0-726-g4a9143789a (webtiles) character file.

Game seed: 17924105074702332690

116 bande the Covered (level 5, 0/33 HPs)
             Began as a Gargoyle Fighter on Oct 28, 2021.
             Slain by an adder (4 damage)
             ... on level 3 of the Dungeon.
             The game lasted 00:02:46 (2641 turns).

bande the Covered (Gargoyle Fighter)                Turns: 2641, Time: 00:02:46

Health: 0/33       AC: 11    Str: 21    XL:     5   Next: 1%
Magic:  5/5        EV:  9    Int:  8    God:
Gold:   701        SH:  4    Dex:  9    Spells: 4/4 levels left

rFire   . . .      SeeInvis .   a - +0 war axe
rCold   . . .      Faith    .   c - +0 buckler
rNeg    + . .      Spirit   .   b - +0 scale mail
rPois   ∞          Reflect  .   (no helmet)
rElec   +          Harm     .   (no cloak)
rCorr   .          Rampage  .   (no gloves)
Will    .....                   (no boots)
Stlth   ..........              (no amulet)
HPRegen 0.11/turn               (no ring)
MPRegen 0.09/turn               (no ring)

@: no status effects
A: sickness immunity, AC +4, negative energy resistance 1, electricity
resistance, torment resistance 1, petrification resistance
a: no special abilities


You were on level 3 of the Dungeon.
You visited 1 branch of the dungeon, and saw 3 of its levels.

You collected 701 gold pieces.

Inventory:

Hand Weapons
 a - a +0 war axe (weapon)
Armour
 b - a +0 scale mail (worn)
 c - a +0 buckler (worn)
Wands
 f - a wand of acid (5)
Scrolls
 h - a scroll of fear {unknown}
 i - a scroll of identify {unknown}
Potions
 d - 2 potions of might
 e - a potion of haste {unknown}
 g - a potion of berserk rage {unknown}


   Skills:
 + Level 4.0 Fighting
 + Level 2.8 Axes
 + Level 4.2 Armour
 + Level 3.6 Shields
 * Level 1.0 Evocations


You had 4 spell levels left.
You didn't know any spells.
Your spell library was empty.

Dungeon Overview and Level Annotations

Branches:
Dungeon (3/15)

Altars:
Vehumet


Innate Abilities, Weirdness & Mutations

You are immune to sickness and miasma.
Your stone body is resilient. (AC +4)
You are immune to poison.
You resist negative energy. (rN+)
You are resistant to electric shocks. (rElec)
You are resistant to unholy torment.
You are immune to petrification.


Message History

You hit the orc wizard.
The orc wizard is almost dead.
You barely miss the orc. The orc hits you but does no damage.
The orc wizard hits you with a +0 dagger.
* * * LOW HITPOINT WARNING * * *
The orc barely misses you.
Unknown command.
You hit the orc wizard.
You kill the orc wizard!
You slash the orc!
You kill the orc!
Your Evocations skill increases to level 1!
You have reached level 5!
The adder bites you.
* * * LOW HITPOINT WARNING * * *
You hit the adder.
The adder is heavily wounded.
The adder bites you.
* * * LOW HITPOINT WARNING * * *
The adder bites you but does no damage.
You hit the adder.
The adder is severely wounded.
The adder barely misses you. The adder closely misses you.
You closely miss the adder.
The adder is severely wounded.
The adder completely misses you. The adder bites you.
* * * LOW HITPOINT WARNING * * *
You barely miss the adder.
The adder is heavily wounded.
The adder closely misses you. The adder bites you but does no damage.
You miss the adder.
The adder is heavily wounded.
The adder closely misses you. The adder bites you but does no damage.
You closely miss the adder.
The adder is heavily wounded.
The adder bites you but does no damage.
You closely miss the adder.
The adder is heavily wounded.
The adder bites you.
You die...

###.....# #.....#
##.###..####### #.....#
#.....####......#
#.....#
#.#.........#...####
#.....#
#.#.##......#......#
#.....#
#.#..#......#.#.##.#
#.....#
#.##.#......#.#.##.####
#######
#.##.#......#.#.##.....
#.##.#S.......#.#######
#.##..@.....###.#
#.###.......# #.# #.#
#)).......... #.#
#)).....## ..........
...........
............
............#
.............#


You could see an adder.

Vanquished Creatures
  An orc wizard (D:3)
  A gnoll (D:1)
  4 adders
  3 orcs (D:3)
  5 endoplasms (D:1)
  4 giant cockroaches
  3 goblins
  5 hobgoblins
  3 quokkas
  A ball python (D:3)
  4 bats
  3 frilled lizards (D:1)
  3 kobolds
  A rat (D:2)
41 creatures vanquished.

Notes
Turn   | Place    | Note
-------+----------+-------------------------------------------
     0 | D:1      | bande the Gargoyle Fighter began the quest for the Orb.
     0 | D:1      | Reached XP level 1. HP: 14/14 MP: 1/1
   271 | D:1      | Reached XP level 2. HP: 16/19 MP: 2/2
   729 | D:1      | Found a faded altar of an unknown god.
   779 | D:1      | Reached XP level 3. HP: 18/24 MP: 3/3
  2230 | D:3      | Identified a scroll of acquirement
  2230 | D:3      | Acquired 647 gold pieces
  2265 | D:3      | Reached XP level 4. HP: 27/29 MP: 4/4
  2302 | D:3      | Found a radiant altar of Vehumet.
  2634 | D:3      | Reached skill level 1 in Evocations
  2634 | D:3      | Reached XP level 5. HP: 7/33 MP: 5/5
  2641 | D:3      | Slain by an adder

Illustrated notes

Levels and vault maps discovered:
D:1:      lemuel_arrival_hallway, layout_basic, ebering_ecumenical_altar_hall,
          minmay_misc_feat_hallway
D:2:      layout_loops_corners
D:3:      layout_basic, fiery_altar_vehumet

Skill      XL: |  1  2  3  4 |
---------------+-------------+-----
Axes           | 2 |  2.8
Armour         | 4 |  4.2
Fighting       | 4 |  4.0
Evocations     | 1 |  1.0
Shields        | |  3.6

Action                   |  1- 3 |  4- 6 || total
-------------------------+-------+-------++-------
Melee: War axe           |    79 |    51 ||   130
  Use: Scroll            |     2 |       ||     2
Armor: Scale mail        |    41 |    34 ||    75
Dodge: Dodged            |    38 |    28 ||    66
Block: Buckler           |    15 |     8 ||    23

Table legend: (Time is in decaauts)
 A = Elapsed time spent in this place.
 B = Non-inter-level travel time spent in this place.
 C = Inter-level travel time spent in this place.
 D = Time resting spent in this place.
 E = Time spent auto-exploring this place.
 F = Levels seen in this place.
 G = Mean time per level.
                   A        B        C        D        E       F      G
               +--------+--------+--------+--------+--------+-----+--------+
         Total |   2692 |   2608 |     84 |    165 |   2078 |   3 |  897.3 |
       Dungeon |   2692 |   2608 |     84 |    165 |   2078 |   3 |  897.3 |
               +--------+--------+--------+--------+--------+-----+--------+

Top non-repeatable levels by time:
     D:1: 1362 daAuts
     D:2: 890 daAuts
     D:3: 439 daAuts
